 Dungeon Crawl Stone Soup version 0.29.0-4-gdea44cf6ec (webtiles) character file.

Game seed: 16802605361167057249

942 qw the Grappler (level 7, -2/67 HPs)
             Began as a Troll Cinder Acolyte on Aug 31, 2022.
             Was a High Priest of Ignis.
             Slain by a gnoll sergeant
             ... wielding a +2 trident of freezing
              (5 damage)
             ... on level 5 of the Dungeon.
             The game lasted 00:01:41 (3017 turns).

qw the Grappler (Troll Cinder Acolyte)              Turns: 3017, Time: 00:01:41

Health: -2/67      AC: 11    Str: 25    XL:     7   Next: 88%
Magic:  0/7        EV:  9    Int: 10    God:    Ignis [*****.]
Gold:   114        SH:  0    Dex:  5    Spells: 8/8 levels left

rFire   + . .      SeeInvis .     - Unarmed
rCold   . . .      Faith    .   (no shield)
rNeg    . . .      Spirit   +   a - +0 robe
rPois   .          Reflect  .   (helmet restricted)
rElec   .          Harm     .   (no cloak)
rCorr   .          Rampage  .   (gloves unavailable)
Will    .....                   (boots unavailable)
Stlth   +.........              g - amulet of guardian spirit
HPRegen 1.01/turn               (no ring)
MPRegen 0.10/turn               (no ring)

@: about to teleport, fiery-armoured
A: large, unfitting armour, claws 3, regeneration 1, shaggy fur 1, tough skin 1
a: Renounce Religion, Fiery Armour, Foxfire Swarm, Rising Flame


You were on level 5 of the Dungeon.
You worshipped Ignis.
Ignis was extremely pleased with you.
You visited 1 branch of the dungeon, and saw 5 of its levels.

You collected 153 gold pieces.
You spent 39 gold pieces at shops.


Innate Abilities, Weirdness & Mutations

You are too large for most types of armour.
You have claws for hands.
Your natural rate of healing is unusually fast.
You are covered in fur. (AC +1)
You have tough skin. (AC +1)


   Skills:
 - Level 3.0 Fighting
 + Level 1.8 Throwing
 - Level 9.0 Unarmed Combat
 - Level 1.0 Spellcasting
 - Level 2.1 Fire Magic


You had 8 spell levels left.
You didn't know any spells.
Your spell library contained the following spells:

 Spells                   Type           Power      Damage    Failure   Level
 Scorch                   Fire           8%         2d5       22%         2

Inventory:

Missiles
 j - 2 javelins (quivered)
Armour
 a - a +0 robe (worn)
 f - an orb of mayhem
Jewellery
 g - an amulet of guardian spirit (around neck)
Scrolls
 d - a scroll of identify
Potions
 b - 2 potions of curing
 e - a potion of might
 i - a potion of heal wounds {unknown}
 k - a potion of cancellation {unknown}
 l - a potion of haste {unknown}
 m - a potion of flight {unknown}

Dungeon Overview and Level Annotations

Branches:
Dungeon (5/15)             Temple (0/1) D:4

Altars:
Okawaru

Shops:
D:3 *


Message History

The gnoll sergeant attacks as you move away!
The gnoll sergeant hits you with a +2 trident of freezing.
The gnoll sergeant freezes you. The gnoll attacks as you move away!
The gnoll barely misses you.
The gnoll sergeant hits you but does no damage.
You mangle the gnoll!!
You kill the gnoll!
The gnoll barely misses you. The gnoll sergeant barely misses you.
The gnoll barely misses you. The gnoll hits you with a +0 halberd.
The gnoll is burned by your cloak of flames.
The gnoll is heavily wounded.
The gnoll sergeant hits you with a +2 trident of freezing.
The gnoll sergeant freezes you.
Items here: %%% ))))).
3013 ||| Stepping ~*~*~tactically~*~*~ (outnumbered).
The gnoll attacks as you move away! The gnoll hits you but does no damage.
The gnoll is burned by your cloak of flames.
The gnoll is severely wounded.
The gnoll misses you.
The gnoll sergeant hits you from afar with a +2 trident of freezing.
The gnoll sergeant freezes you. The gnoll hits you but does no damage.
The gnoll barely misses you.
The gnoll sergeant hits you but does no damage.
The gnoll sergeant is burned by your cloak of flames.
The gnoll sergeant is severely wounded.
Items here: %%% ))))).
3015 ||| Stepping ~*~*~tactically~*~*~ (outnumbered).
The gnoll sergeant hits you from afar with a +2 trident of freezing!
The gnoll sergeant freezes you. The gnoll hits you but does no damage.
3016 ||| READING scroll of teleportation.
As you read the scroll of teleportation, it crumbles to dust.
You feel strangely unstable.
The gnoll sergeant hits you from afar with a +2 trident of freezing.
The gnoll sergeant freezes you. The gnoll hits you but does no damage.
The gnoll hits you from afar with a +0 spear.
The gnoll hits you with a +0 halberd.
The gnoll is burned by your cloak of flames.
The gnoll is almost dead.
The gnoll sergeant hits you with a +2 trident of freezing.
You die...

##)######
#.# #.#
#.# #.#
#.# #.#
#.# #@#
#gggg..#
######...


You could see a gnoll sergeant and 3 gnolls.

Vanquished Creatures
  An ice beast (D:5)
  2 phantoms
  2 bullfrogs (D:4)
  A scorpion (D:5)
  A howler monkey (D:5)
  A jelly (D:5)
  2 gnoll boudas (D:5)
  An orc wizard (D:5)
  An iguana (D:4)
  19 gnolls
  A river rat (D:5)
  9 adders
  A white imp (D:4)
  2 worms
  A dart slug (D:1)
  6 orcs
  5 ball pythons
  An endoplasm (D:2)
  3 giant cockroaches
  5 goblins
  6 hobgoblins
  3 bats
  3 frilled lizards
  6 kobolds
  5 rats
88 creatures vanquished.

Notes
Turn   | Place    | Note
-------+----------+-------------------------------------------
     0 | D:1      | qw the Troll Cinder Acolyte began the quest for the Orb.
     0 | D:1      | Reached XP level 1. HP: 22/22 MP: 1/1
     0 | D:1      | 0 ||| qw: Version: 0.1-a-97-g2dd2ca4
     0 | D:1      | 0 ||| qw: Game counter: 4620
     0 | D:1      | 0 ||| qw: Always use a shield: true
     0 | D:1      | 0 ||| qw: God list: Okawaru
     0 | D:1      | 0 ||| qw: Allow faded altars: false
     0 | D:1      | 0 ||| qw: Do Orc after D:15 true
     0 | D:1      | 0 ||| qw: Do second Lair branch before Depths: true
     0 | D:1      | 0 ||| qw: Lair rune preference: random
     0 | D:1      | 0 ||| qw: Plans: Normal
     0 | D:1      | 0 ||| PLANNING D:1-11
    40 | D:1      | 40 ||| Stepping ~*~*~tactically~*~*~ (stealth).
    80 | D:1      | Found a faded altar of an unknown god.
   110 | D:1      | 110 ||| Stepping ~*~*~tactically~*~*~ (hiding).
   642 | D:1      | 642 ||| READING scroll labelled MOCEPIXKUNG.
   659 | D:2      | 659 ||| STAIRDANCE
   668 | D:2      | 668 ||| Stepping ~*~*~tactically~*~*~ (hiding).
   669 | D:2      | 669 ||| Stepping ~*~*~tactically~*~*~ (hiding).
   672 | D:2      | 672 ||| STAIRDANCE
   677 | D:1      | Reached XP level 2. HP: 27/29 MP: 2/2
   681 | D:2      | 681 ||| Stepping ~*~*~tactically~*~*~ (outnumbered).
   682 | D:2      | 682 ||| Stepping ~*~*~tactically~*~*~ (outnumbered).
   684 | D:2      | 684 ||| Stepping ~*~*~tactically~*~*~ (hiding).
   685 | D:2      | 685 ||| Stepping ~*~*~tactically~*~*~ (hiding).
   688 | D:2      | 688 ||| Stepping ~*~*~tactically~*~*~ (hiding).
   692 | D:2      | Reached skill level 4 in Unarmed Combat
   696 | D:2      | 696 ||| FLEEEEING.
   733 | D:2      | 733 ||| Stepping ~*~*~tactically~*~*~ (stealth).
   735 | D:2      | 735 ||| Stepping ~*~*~tactically~*~*~ (stealth).
   742 | D:2      | Reached XP level 3. HP: 36/36 MP: 3/3
   966 | D:2      | Reached XP level 4. HP: 44/44 MP: 4/4
  1070 | D:2      | Reached skill level 5 in Unarmed Combat
  1234 | D:2      | 1234 ||| READING 2 scrolls labelled WOVVUPIEPPA.
  1334 | D:3      | 1334 ||| READING 2 scrolls of identify.
  1334 | D:3      | 1334 ||| IDENTIFYING fizzy blue potion
  1335 | D:3      | 1335 ||| Stepping randomly (stuck).
  1337 | D:3      | 1337 ||| Stepping randomly (stuck).
  1346 | D:3      | 1346 ||| Stepping randomly (stuck).
  1449 | D:3      | Found Xeonlec's General Store.
  1472 | D:3      | 1472 ||| BUYING potion of curing (39 gold).
  1472 | D:3      | Bought a potion of curing for 39 gold pieces
  1472 | D:3      | 1472 ||| SHOPLISTING potion of haste (130 gold, have 17).
  1472 | D:3      | 1472 ||| SHOPLISTING scroll of identify (26 gold, have 17).
  1472 | D:3      | 1472 ||| SHOPLISTING scroll of teleportation (39 gold, have
                  | 17).
  1866 | D:3      | 1866 ||| READING scroll labelled WUIREQ HEEMASHRAIM.
  1867 | D:3      | 1867 ||| READING scroll labelled RARPHA WIRUSO.
  1868 | D:3      | 1868 ||| READING scroll labelled WUYTUS TORESYBBA.
  1869 | D:3      | 1869 ||| READING 2 scrolls labelled JOP WIEJUT CETZ.
  1873 | D:3      | 1873 ||| READING 3 scrolls of identify.
  1873 | D:3      | 1873 ||| IDENTIFYING bubbling green potion
  1874 | D:3      | 1874 ||| READING 2 scrolls of identify.
  1874 | D:3      | 1874 ||| IDENTIFYING coppery potion
  1875 | D:3      | 1875 ||| DROPPING potion of berserk rage.
  1895 | D:4      | Reached skill level 1 in Throwing
  1915 | D:4      | Noticed a phantom
  1922 | D:4      | Killed a phantom
  1923 | D:4      | Reached skill level 6 in Unarmed Combat
  1923 | D:4      | Reached XP level 5. HP: 50/50 MP: 5/5
  2016 | D:4      | Reached XP level 6. HP: 53/59 MP: 6/6
  2035 | D:4      | Found a staircase to the Ecumenical Temple.
  2152 | D:4      | Found an iron altar of Okawaru.
  2227 | D:4      | Reached skill level 7 in Unarmed Combat
  2567 | D:4      | 2567 ||| UPGRADING to amulet of guardian spirit.
  2572 | D:4      | 2572 ||| READING 2 scrolls labelled PUOMAR NIQETZ.
  2573 | D:4      | 2573 ||| READING scroll labelled UCAOVV ACYB.
  2574 | D:4      | 2574 ||| READING 2 scrolls of identify.
  2574 | D:4      | 2574 ||| IDENTIFYING emerald potion
  2575 | D:4      | 2575 ||| DROPPING scroll of vulnerability.
  2576 | D:4      | 2576 ||| DROPPING potion of brilliance.
  2592 | D:5      | Entered Level 5 of the Dungeon
  2593 | D:5      | 2593 ||| PLANNING SEWER
  2641 | D:5      | Noticed an ice beast
  2648 | D:5      | Killed an ice beast
  2682 | D:5      | Reached skill level 8 in Unarmed Combat
  2682 | D:5      | Reached XP level 7. HP: 66/66 MP: 7/7
  2684 | D:5      | 2684 ||| Stepping ~*~*~tactically~*~*~ (hiding).
  2685 | D:5      | 2685 ||| Stepping ~*~*~tactically~*~*~ (hiding).
  2686 | D:5      | 2686 ||| Stepping ~*~*~tactically~*~*~ (stealth).
  2687 | D:5      | 2687 ||| Stepping ~*~*~tactically~*~*~ (hiding).
  2688 | D:5      | 2688 ||| Stepping ~*~*~tactically~*~*~ (hiding).
  2689 | D:5      | 2689 ||| Stepping ~*~*~tactically~*~*~ (hiding).
  2691 | D:5      | 2691 ||| INVOKING Fiery Armour.
  2695 | D:5      | 2695 ||| Stepping ~*~*~tactically~*~*~ (outnumbered).
  2703 | D:5      | 2703 ||| Stepping ~*~*~tactically~*~*~ (hiding).
  2709 | D:5      | Reached skill level 3 in Fighting
  2740 | D:5      | 2740 ||| Stepping ~*~*~tactically~*~*~ (stealth).
  2742 | D:5      | 2742 ||| Stepping ~*~*~tactically~*~*~ (hiding).
  2743 | D:5      | 2743 ||| Stepping ~*~*~tactically~*~*~ (hiding).
  2883 | D:5      | 2883 ||| INVOKING Fiery Armour.
  2888 | D:5      | 2888 ||| Stepping ~*~*~tactically~*~*~ (outnumbered).
  2890 | D:5      | 2890 ||| Stepping ~*~*~tactically~*~*~ (outnumbered).
  2903 | D:5      | 2903 ||| Stepping ~*~*~tactically~*~*~ (outnumbered).
  2974 | D:5      | Reached skill level 9 in Unarmed Combat
  2988 | D:5      | 2988 ||| Stepping ~*~*~tactically~*~*~ (hiding).
  2998 | D:5      | 2998 ||| Stepping ~*~*~tactically~*~*~ (outnumbered).
  3001 | D:5      | 3001 ||| INVOKING Fiery Armour.
  3002 | D:5      | 3002 ||| Stepping ~*~*~tactically~*~*~ (outnumbered).
  3004 | D:5      | 3004 ||| Stepping ~*~*~tactically~*~*~ (outnumbered).
  3007 | D:5      | 3007 ||| Stepping ~*~*~tactically~*~*~ (outnumbered).
  3010 | D:5      | 3010 ||| Stepping ~*~*~tactically~*~*~ (outnumbered).
  3013 | D:5      | 3013 ||| Stepping ~*~*~tactically~*~*~ (outnumbered).
  3015 | D:5      | 3015 ||| Stepping ~*~*~tactically~*~*~ (outnumbered).
  3015 | D:5      | HP: 11/67 [gnoll sergeant/+2 trident of freezing (9)]
  3016 | D:5      | 3016 ||| READING scroll of teleportation.
  3016 | D:5      | HP: 5/67 [gnoll sergeant/+2 trident of freezing (1)]
  3017 | D:5      | Slain by a gnoll sergeant

Levels and vault maps discovered:
D:1:      psy_arrival_statuary, layout_basic,
          hellmonk_ecumenical_altar_inner_sanctum, kennysheep_doodads,
          minmay_misc_feat_alley
D:2:      minmay_evil_eye, layout_rooms, dreamdust_princess_corridor
D:3:      layout_basic, serial_shops, shop, minmay_checkerbox
D:4:      layout_gridville, general_overflow_altar, minmay_temple_entry_wispy
D:5:      layout_loops_ring, lightli_sewer_entry_pipes

Skill      XL: |  1  2  3  4  5  6  7 |
---------------+----------------------+-----
Unarmed Combat | 4 6 8 9 |  9.0
Throwing       | 1 |  1.8
Fighting       | 3 |  3.0
Spellcasting   | |  1.0
Fire Magic     | |  2.1

Action                   |  1- 3 |  4- 6 |  7- 9 || total
-------------------------+-------+-------+-------++-------
Melee: Unarmed           |    49 |    85 |    54 ||   188
       Punch             |       |     1 |     2 ||     3
Throw: Javelin           |       |    32 |     7 ||    39
Invok: Fiery Armour      |       |       |     3 ||     3
  Use: Scroll            |     1 |    11 |     1 ||    13
Armor: Robe              |    18 |    19 |    38 ||    75
Dodge: Dodged            |    17 |    24 |    33 ||    74

Table legend:
 A = Non-vault XP
 B = Vault XP
 C = Vault XP percentage of total XP
 D = Non-vault monster count
 E = Vault monster count
 F = Vault count percentage of total count
                 A         B        C        D         E       F
            +---------+---------+-------+---------+---------+-------
      Total |    1301 |      46 |   3.4 |      78 |      10 |  11.4
            +---------+---------+-------+---------+---------+-------
        D:1 |      23 |       0 |   0.0 |       6 |       0 |   0.0
        D:2 |      72 |      17 |  19.1 |      15 |       3 |  16.7
        D:3 |      62 |       9 |  12.7 |      17 |       4 |  19.0
        D:4 |     359 |       0 |   0.0 |      10 |       0 |   0.0
        D:5 |     785 |      20 |   2.5 |      30 |       3 |   9.1
            +---------+---------+-------+---------+---------+-------
